 Dungeon Crawl Stone Soup version 0.28-a0-429-g1448048969 (webtiles) character file.

Game seed: 12947859101256450188

78008 Zenkrye the Black Belt (level 16, -4/121 HPs)
             Began as a Djinni Transmuter on Sept 9, 2021.
             Was the Champion of Makhleb.
             Killed from afar by Azrael (39 damage)
             ... with damnation
             ... on level 13 of the Dungeon on Sept 10, 2021.
             The game lasted 01:29:06 (21422 turns).

Zenkrye the Black Belt (Djinni Transmuter)         Turns: 21422, Time: 01:29:07

Health: -4/121     AC:  6    Str:  9    XL:     16   Next: 6%
Gold:   1790       EV: 26    Int: 27    God:    Makhleb [******] SH:  5 Dex: 19

rFire   + . .      SeeInvis .   E - +5 mace of Circularity {vamp, Int+3}
rCold   . . .      Faith    .   (no shield)
rNeg    . . .      Spirit   .   S - +0 robe "Ezycita" {+Inv Regen+ Dex+4}
rPois   ∞          Reflect  +   Z - +1 helmet {Int+3}
rElec   .          Harm     .   D - +0 cloak
rCorr   .          Rampage  .   I - +0 pair of gloves
Will    +....                   (boots unavailable)
Stlth   ++........              g - amulet of reflection
HPRegen 1.30/turn               c - ring of ice
MPRegen 0.00/turn               v - +4 ring of evasion

@: flying, studying Bows
A: sickness immunity, fire resistance 2, cold vulnerability 1, float, innate
caster, hp casting, extra vitality 1
a: Renounce Religion, Evoke Invisibility, Minor Destruction, Lesser Servant of
Makhleb, Major Destruction, Greater Servant of Makhleb


You were on level 13 of the Dungeon.
You worshipped Makhleb.
Makhleb was exalted by your worship.
You visited 4 branches of the dungeon, and saw 20 of its levels.
You also visited: Gauntlet.

You collected 2277 gold pieces.
You spent 487 gold pieces at shops.

Inventory:

Hand Weapons
 E - the +5 mace of Circularity (weapon) {vamp, Int+3}
   (You found it on level 5 of the Dungeon)

   It occasionally heals its wielder for a portion of the damage dealt when it
   wounds a living foe.
   Int:       It affects your intelligence (+3).
 O - a +0 hand crossbow
Missiles
 b - 85 poisoned darts (quivered)
 z - 26 boomerangs
 A - 15 javelins
 V - 126 bolts
 W - a throwing net {!f}
Armour
 D - a +0 cloak (worn)
 I - a +0 pair of gloves (worn)
 L - a +0 troll leather armour
 S - the +0 robe "Ezycita" (worn) {+Inv Regen+ Dex+4}
   (You found it in a Gauntlet)

   Dex:       It affects your dexterity (+4).
   +Inv:      It lets you turn invisible.
   Regen:     It increases your rate of health regeneration.
 Z - a +1 helmet of intelligence (worn)
Magical Staves
 d - a staff of air
 R - a staff of earth
Jewellery
 c - a ring of ice (left hand)
 g - an amulet of reflection (around neck)
 n - a ring of positive energy
 p - a +4 ring of protection
 q - the ring of Rihoam {rElec rC+ SInv}
   (You found it on level 8 of the Dungeon)

   [ring of see invisible]

   rC:        It protects you from cold.
   rElec:     It insulates you from electricity.
   SInv:      It lets you see invisible.
 t - a +6 ring of intelligence
 v - a +4 ring of evasion (right hand)
 w - a ring of wizardry
 K - a ring of willpower
 P - a +4 ring of protection
 X - a ring of fire
Wands
 h - a wand of polymorph (7)
 k - a wand of acid (1) {@v2}
 x - a wand of paralysis (13)
 H - a wand of flame (22)
 N - a wand of iceblast (12) {@v4}
 Y - a wand of digging (3) {@v1}
Scrolls
 a - a scroll of immolation
 e - 4 scrolls of magic mapping
 i - 3 scrolls of identify {@r1}
 l - 2 scrolls of enchant weapon
 o - 3 scrolls of summoning {unknown}
 r - a scroll of fog
 y - 2 scrolls of fear
 M - a scroll of brand weapon {unknown}
 Q - 5 scrolls of teleportation {@r3}
 U - 3 scrolls of enchant armour
Potions
 j - 6 potions of heal wounds {@q2}
 m - a potion of mutation
 s - 3 potions of cancellation
 u - 2 potions of invisibility
 B - 3 potions of brilliance
 C - 6 potions of curing {@q1}
 F - 8 potions of haste {@q3}
 T - 5 potions of might {@q4}
Miscellaneous
 f - a condenser vane


   Skills:
 + Level 13.1 Fighting
 + Level 14.2 Dodging
 + Level 17.1 Unarmed Combat
 + Level 9.6 Spellcasting
 + Level 5.3 Invocations
 + Level 1.3 Evocations


You couldn't memorise any spells.
You knew the following spells:

 Your Spells              Type           Power      Damage    Failure   Level
a - Beastly Appendage     Tmut           100%       N/A       1%          1
b - Wereblood             Tmut           60%        N/A       1%          2
c - Spider Form           Tmut/Pois      30%        N/A       1%          3
d - Ice Form              Ice/Tmut       78%        N/A       1%          4
e - Sting                 Tmut/Pois      100%       1d8       1%          1
f - Ensorcelled Hibernat  Hex/Ice        100%       N/A       1%          2
g - Teleport Other        Tloc           60%        N/A       1%          3
h - Metabolic Englaciati  Hex/Ice        39%        N/A       2%          5
i - Freezing Cloud        Conj/Ice/Air   39%        6-21      2%          5
j - Starburst             Conj/Fire      30%        6d9       13%         6
p - Portal Projectile     Hex/Tloc       100%       N/A       1%          3
Your spell library was empty.

Dungeon Overview and Level Annotations

Branches:
Dungeon (13/15)            Temple (1/1) D:5            Lair (4/6) D:9
  Swamp (0/4) Lair:4        Snake (0/4) Lair:4          Orc (2/2) D:10
    Elf (0/3) Orc:2       Gauntlet (visited)
 Vaults: D:13-14

Altars:
Ashenzari
Cheibriados
Dithmenos
Elyvilon
Fedhas
Gozag
Hepliaklqana
Kikubaaqudgha
Makhleb
Nemelex Xobeh
Okawaru
Qazlal
Ru
Sif Muna
Trog
Uskayaw
Vehumet
Wu Jian
Xom
Yredelemnul
Zin
The Shining One
Beogh

Shops:
D:2 !   D:5 *   D:10 ([   Orc:2 ?[:[

Portals:
Trove: D:11 (show slimy rune of Zot)

Annotations:
D:13 Azrael


Innate Abilities, Weirdness & Mutations

You are immune to sickness and miasma.
You are immune to poison.
Your flesh is very heat resistant. (rF++)
You are vulnerable to cold. (rC-)
You float through the air rather than walking.
You learn spells naturally, not from books.
Your magical power is your life essence.
You have superior vitality. (+4 HP)


Message History

Azrael is engulfed in freezing vapours.
Azrael is engulfed in freezing vapours.
Azrael gestures at you.
You hear a sizzling sound!
Azrael is engulfed in freezing vapours.
Azrael gestures at you.
You hear a sizzling sound!
A fire elemental comes into view.
Azrael gestures at you.
The sphere of damnation explodes!
The damnation engulfs you!!!
The fire elemental moves out of view.
You hear a shout!
Casting: Freezing Cloud (dangerous; 2% risk of failure)
Confirm with . or Enter, or press ? or * to list all spells.
Aiming: Freezing Cloud (dangerous; 2% risk of failure)
Press: ? - help, Dir - move target You feel a surge of power!
Azrael is engulfed in freezing vapours.
Azrael drinks a potion.
Azrael seems to speed up.
Throw: dart (curare)
Press: ? - help, Q - select action, (/) - cycle Shift-Dir - straight line, f - Azrael
Aim: Azrael, wielding a +4 scimitar of flaming (freezing vapour, heavily wounded, fast, 82% to hit)
You throw a curare-tipped dart. The curare-tipped dart hits Azrael.
Azrael is heavily wounded.
Azrael is engulfed in freezing vapours.
Casting: Freezing Cloud (dangerous; 2% risk of failure)
Confirm with . or Enter, or press ? or * to list all spells.
Aiming: Freezing Cloud (dangerous; 2% risk of failure)
Press: ? - help, Dir - move target, f/p - Azrael
Aim: Azrael, wielding a +4 scimitar of flaming (severely wounded, fast)
You feel a surge of power! That beam is likely to hit you.
Continue anyway?
You are engulfed in freezing vapours.
Azrael is engulfed in freezing vapours. x2
Azrael hits you with a +4 scimitar of flaming!
Azrael burns you.
You are engulfed in freezing vapours.
* * * LOW HITPOINT WARNING * * *
Azrael is engulfed in freezing vapours.
Azrael gestures at you.
The sphere of damnation explodes!
The damnation engulfs you!!!
You die...

# ○ ##h §§§ ###.###
..§§§§§ ...§§§§
....§§§##################
....§°R§@§...............
.$.☼.§§##################
.....§§ #######


You could see Azrael (fast).

Vanquished Creatures
  Gastronok (Lair:3)
  2 storm dragons (D:12)
  A minotaur (Gauntlet)
  Fannar (Orc:1)
  Josephine (Orc:2)
  A boulder beetle (D:12)
  8 hydras
  2 ogre magi (Orc:2)
  2 centaur warriors (D:13)
  6 two-headed ogres
  Urug (D:13)
  A death yak (Lair:4)
  Nergalle (Lair:1)
  7 skeletal warriors
  Pikel (D:6)
  3 orc knights (Orc:1)
  An oklob plant (Lair:4)
  A necromancer (Gauntlet)
  8 orc sorcerers (Orc:2)
  3 cyclopes (D:12)
  3 manticores
  5 elephants
  6 black mambas
  2 gargoyles (D:12)
  8 komodo dragons
  A torpor snail (Lair:4)
  An unseen horror (D:13)
  12 cane toads
  13 rime drakes
  A minotaur zombie (Gauntlet)
  3 polar bears
  A hornet (D:8)
  9 trolls
  6 blink frogs
  11 slime creatures
  4 dream sheep (Lair:4)
  A spriggan (Lair:4)
  A shadow (D:11)
  6 wraiths
  5 basilisks
  41 yaks
  6 wyverns
  10 steam dragons
  6 vampire mosquitoes
  A warg (Orc:1)
  Menkaure (D:5)
  10 water moccasins
  5 acid dragons
  Duvessa (D:6)
  A hell hound (D:13)
  4 black bears
  14 orc warriors
  3 sky beasts
  An ice beast (D:6)
  9 ogres
  A necrophage (D:6)
  28 wolves
  7 centaurs
  A lemure (D:6)
  4 kobold brigands
  14 bullfrogs
  A wyvern zombie (D:8)
  Dowan (D:6)
  A gnoll sergeant (D:11)
  A scorpion (D:4)
  7 killer bees
  11 wights
  4 electric eels
  5 centaur zombies
  A lava snake (D:8)
  6 howler monkeys
  A bullfrog skeleton (D:6)
  4 hounds
  A centaur skeleton (D:4)
  11 orc priests
  4 jellies
  Crazy Yiuf (D:5)
  An iguana (D:6)
  42 orc wizards
  18 hell rats
  A centaur simulacrum (D:9)
  A hound skeleton (D:4)
  5 gnolls (D:11)
  2 adders
  An ufetubus (D:3)
  A worm (D:4)
  2 dart slugs
  78 orcs
  An endoplasm (D:2)
  7 goblins
  7 hobgoblins
  4 jackals (D:3)
  26 kobolds
  4 quokkas
  6 ball pythons
  12 bats
  3 frilled lizards
  7 rats
  A bush (D:5)
609 creatures vanquished.

Vanquished Creatures (others)
  5 bushes (D:12)
  24 fungi
  46 plants
75 creatures vanquished.

Grand Total: 684 creatures vanquished

Notes
Turn   | Place    | Note
-------+----------+-------------------------------------------
     0 | D:1      | Zenkrye the Djinni Transmuter began the quest for the Orb.
     0 | D:1      | Reached XP level 1. HP: 17/17 MP: 0/0
   461 | D:1      | Reached XP level 2. HP: 22/22 MP: 0/0
   983 | D:2      | You are sucked into a shaft and drop 2 floors!
   987 | D:4      | Noticed a scorpion
  1039 | D:4      | Reached XP level 3. HP: 19/27 MP: 0/0
  1039 | D:4      | Learned a level 1 spell: Sting
  1271 | D:3      | Noticed a sky beast
  1282 | D:3      | Killed a sky beast
  1283 | D:3      | Reached skill level 4 in Unarmed Combat
  1283 | D:3      | Reached XP level 4. HP: 30/32 MP: 0/0
  1283 | D:3      | Reached XP level 5. HP: 35/37 MP: 0/0
  1283 | D:3      | Learned a level 2 spell: Ensorcelled Hibernation
  1421 | D:3      | Found a broken altar of Ashenzari.
  2038 | D:2      | Found Dueck's Distillery.
  2826 | D:4      | Reached skill level 5 in Unarmed Combat
  2834 | D:4      | Reached XP level 6. HP: 28/42 MP: 0/0
  2938 | D:4      | Noticed an ogre
  2993 | D:3      | Found a hide-covered altar of Uskayaw.
  3567 | D:3      | Found a faded altar of an unknown god.
  4329 | D:4      | Reached XP level 7. HP: 46/49 MP: 0/0
  4329 | D:4      | Learned a level 3 spell: Portal Projectile
  4568 | D:4      | Reached skill level 6 in Unarmed Combat
  4727 | D:5      | Entered Level 5 of the Dungeon
  5047 | D:5      | Reached XP level 8. HP: 36/56 MP: 0/0
  5171 | D:5      | Noticed Menkaure
  5206 | D:5      | Killed Menkaure
  5470 | D:5      | Reached skill level 7 in Unarmed Combat
  5490 | D:5      | Found a basalt altar of Yredelemnul.
  5535 | D:5      | Found a runed translucent door.
  5536 | D:5      | Noticed Crazy Yiuf
  5543 | D:5      | Killed Crazy Yiuf
  5547 | D:5      | Identified the +5 mace of Circularity {vamp, Int+3}
  5677 | D:5      | Found a staircase to the Ecumenical Temple.
  5716 | Temple   | Entered the Ecumenical Temple
  6184 | Temple   | Became a worshipper of Makhleb the Destroyer
  6523 | D:5      | Found Omafyngi's General Store.
  6795 | D:6      | Noticed Pikel
  6811 | D:6      | Killed Pikel
  6812 | D:6      | Reached skill level 5 in Dodging
  6812 | D:6      | Reached skill level 8 in Unarmed Combat
  6812 | D:6      | Reached XP level 9. HP: 63/63 MP: 0/0
  6812 | D:6      | Learned a level 3 spell: Teleport Other
  7170 | D:6      | Reached skill level 5 in Fighting
  7189 | D:6      | Reached * piety under Makhleb
  7228 | D:6      | Noticed a two-headed ogre
  7342 | D:6      | Killed a two-headed ogre
  7343 | D:6      | Reached skill level 9 in Unarmed Combat
  7343 | D:6      | Reached XP level 10. HP: 71/71 MP: 0/0
  7396 | D:6      | Reached skill level 5 in Spellcasting
  7762 | D:6      | Noticed Duvessa
  7762 | D:6      | Noticed Dowan
  7768 | D:6      | Killed Duvessa
  7770 | D:6      | Killed Dowan
  7903 | D:6      | Identified a scroll of acquirement
  7903 | D:6      | Acquired a manual of Bows
  8114 | D:7      | Noticed a deep elf pyromancer
  8332 | D:8      | Reached skill level 10 in Unarmed Combat
  8383 | D:8      | Identified the ring of Rihoam {rElec rC+ SInv}
  9162 | D:8      | Found a hazy altar of Hepliaklqana.
  9239 | D:8      | Upgraded the game from 0.28-a0-425-gd0eccab798 to
                  | 0.28-a0-429-g1448048969
  9280 | D:9      | Noticed a two-headed ogre
  9295 | D:9      | Killed a two-headed ogre
  9758 | D:9      | Reached XP level 11. HP: 76/78 MP: 0/0
  9758 | D:9      | Learned a level 5 spell: Metabolic Englaciation
  9827 | D:9      | Found a staircase to the Lair.
  9855 | D:9      | Reached ** piety under Makhleb
 10257 | D:9      | Reached *** piety under Makhleb
 10469 | D:10     | Entered Level 10 of the Dungeon
 10565 | D:10     | Reached skill level 11 in Unarmed Combat
 10786 | D:10     | Identified the +4 halberd of Wyrd {flame, rCorr Int-5 SInv}
 10954 | D:10     | Found a blossoming altar of Fedhas.
 11015 | D:10     | Found a snail-covered altar of Cheibriados.
 11020 | D:10     | Found Poitsabo's Weapon Emporium.
 11057 | D:10     | Found a staircase to the Orcish Mines.
 11058 | D:10     | Found Gesiu's Armour Emporium.
 11244 | D:10     | Found a sacrificial altar of Ru.
 11297 | D:10     | Acquired a manual of Unarmed Combat
 11536 | D:10     | Bought a +1 helmet of intelligence for 231 gold pieces
 11592 | D:11     | Reached XP level 12. HP: 88/88 MP: 0/0
 11635 | D:11     | Found a portal to a secret trove of treasure.
 11684 | D:11     | Reached skill level 1 in Invocations
 11728 | D:11     | Noticed a two-headed ogre
 11743 | D:11     | Killed a two-headed ogre
 11890 | D:11     | Noticed a skeletal warrior
 11890 | D:11     | Noticed a skeletal warrior
 11891 | D:11     | Noticed a skeletal warrior
 11957 | Lair:1   | Entered Level 1 of the Lair of Beasts
 11998 | Lair:1   | Reached **** piety under Makhleb
 12040 | Lair:1   | Reached skill level 12 in Unarmed Combat
 12149 | Lair:1   | Noticed Nergalle
 12160 | Lair:1   | Killed Nergalle
 12161 | Lair:1   | Reached skill level 10 in Dodging
 12757 | Lair:1   | Found an opulent altar of Gozag.
 13378 | Lair:2   | Reached XP level 13. HP: 84/94 MP: 0/0
 13378 | Lair:2   | Learned a level 5 spell: Freezing Cloud
 13519 | Lair:2   | Found a gate leading to a gauntlet.
 13525 | Gauntlet | Entered a Gauntlet
 13525 | Gauntlet | Found a transporter.
 13531 | Gauntlet | Found a transporter.
 13535 | Gauntlet | Found a transporter.
 13546 | Gauntlet | Found a transporter.
 13547 | Gauntlet | Found a transporter.
 13554 | Gauntlet | Found a runed translucent door.
 13557 | Gauntlet | Found a transporter.
 13560 | Gauntlet | Found a transporter.
 13565 | Gauntlet | Noticed a ghost crab
 13568 | Gauntlet | Found a transporter.
 13572 | Gauntlet | Found a transporter.
 13576 | Gauntlet | Found a runed translucent door.
 13578 | Gauntlet | Found a runed translucent door.
 13580 | Gauntlet | Found a transporter.
 13610 | Gauntlet | Found a transporter.
 13622 | Gauntlet | Found a transporter.
 13635 | Gauntlet | Found a transporter.
 13648 | Gauntlet | Found a transporter.
 13810 | Gauntlet | Reached skill level 13 in Unarmed Combat
 13858 | Gauntlet | Noticed a minotaur
 13879 | Gauntlet | Killed a minotaur
 13880 | Gauntlet | Reached skill level 5 in Invocations
 13905 | Gauntlet | Identified the +0 robe "Ezycita" {+Inv Regen+ Dex+4}
 14183 | Lair:2   | Reached ***** piety under Makhleb
 14184 | Lair:2   | Reached skill level 10 in Fighting
 14781 | Lair:3   | Noticed a seven-headed hydra
 14790 | Lair:3   | Killed a seven-headed hydra
 14890 | Lair:3   | Noticed a five-headed hydra
 14897 | Lair:3   | Killed a five-headed hydra
 14928 | Lair:3   | Reached skill level 14 in Unarmed Combat
 14994 | Lair:3   | Noticed Gastronok
 15009 | Lair:3   | Killed Gastronok
 15234 | Lair:3   | Reached XP level 14. HP: 103/103 MP: 0/0
 15997 | Lair:4   | Found a staircase to the Swamp.
 16139 | Lair:4   | Reached skill level 15 in Unarmed Combat
 16156 | Lair:4   | Found a staircase to the Snake Pit.
 16482 | Lair:4   | Reached ****** piety under Makhleb
 17123 | Orc:1    | Entered Level 1 of the Orcish Mines
 17257 | Orc:2    | Entered Level 2 of the Orcish Mines
 17473 | Orc:1    | Noticed Fannar
 17488 | Orc:1    | Killed Fannar
 17791 | Orc:1    | Reached skill level 16 in Unarmed Combat
 17939 | Orc:2    | Found a staircase to the Elven Halls.
 18111 | Orc:2    | Noticed Josephine
 18123 | Orc:2    | Reached XP level 15. HP: 70/104 MP: 0/0
 18123 | Orc:2    | Learned a level 6 spell: Starburst
 18123 | Orc:2    | Killed Josephine
 18444 | Orc:2    | Found Pilusuim's Antique Armour Shoppe.
 18449 | Orc:2    | Noticed Maurice
 18455 | Orc:2    | Noticed Maurice
 18455 | Orc:2    | Maurice changed into Maurice the acid dragon
 18463 | Orc:2    | Killed Maurice the acid dragon
 18605 | Orc:2    | Paralysed by an orc sorcerer for 4 turns
 18621 | Orc:2    | Found Aklo's Book Shoppe.
 18630 | Orc:2    | Paralysed by something for 6 turns
 18648 | Orc:2    | Found Jotz's Antique Armour Emporium.
 18759 | Orc:2    | Found Xomuo's Magic Scroll Emporium.
 18804 | Orc:2    | Bought a distressingly furry helmet for 256 gold pieces
 18804 | Orc:2    | Identified the -5 helmet of the Banana {Str+2 Dex+4} (You
                  | bought it in a shop on level 2 of the Orcish Mines)
 19739 | D:12     | Noticed a storm dragon
 19740 | D:12     | Noticed a storm dragon
 19753 | D:12     | Killed a storm dragon
 19765 | D:12     | Killed a storm dragon
 19766 | D:12     | Reached skill level 17 in Unarmed Combat
 21031 | D:12     | Found a blossoming altar of Fedhas.
 21147 | D:13     | Noticed Urug
 21155 | D:13     | Reached skill level 1 in Evocations
 21155 | D:13     | Reached XP level 16. HP: 117/121 MP: 0/0
 21157 | D:13     | Killed Urug
 21409 | D:13     | Noticed Azrael
 21422 | D:13     | Killed from afar by Azrael

Illustrated notes

Levels and vault maps discovered:
D:1:      kennysheep_arrival_forest, layout_basic
D:2:      layout_basic, serial_shops, shop_statue, serial_curves,
          eino_curves_01, eino_curves_03
D:3:      layout_basic, mainiacjoe_overflow_brackets, lemuel_crystal_altar,
          dreamdust_ecumenical_altar_angels_and_demons
D:4:      layout_loops_ring, mainiacjoe_overflow_catwalk
D:5:      layout_basic, yredelemnul_altar_generic,
          minmay_temple_entry_overgrown, serial_shops, shop,
          uniq_crazy_yiuf_cottage, uniq_menkaure
D:6:      layout_basic, minmay_between, uniq_pikel, uniq_duvessa
D:7:      cheibrodos_fzero, layout_cave_pools, serial_shops, nicolae_shop_trees,
          chequers_hall_statues_wall_a, hangedman_decor_peaks_small
D:8:      layout_basic, worldfamousw_hep_ancestral_shrine, kennysheep_path_1
D:9:      layout_irregular_city, erik_lair_island, grunt_potential
D:10:     layout_irregular_city, mainiacjoe_overflow_alcove_4,
          hangedman_ru_absence, kennysheep_mini, orc_david_3, roderic_batcave
D:11:     layout_small_grid, nicolae_trove_entry_columns,
          chequers_serial_rivers_micro_e
D:12:     minmay_mutant_horseshoe, layout_cave_pods, serial_park,
          serial_park_avenue1, serial_park_square1
          [serial_park_minivault_5x5_8], serial_park_gazebo
          [serial_park_minivault_5x5_6], minmay_fractal_squares_5
D:13:     layout_roguey, lightli_vaults_fourway_checkpoint, uniq_azrael,
          uniq_snorg, uniq_urug
Temple:   eino_temple_water
Lair:1:   layout_loops_ring, basic_altar, uniq_nergalle
Lair:2:   layout_loops_ring, gauntlet_entry_generic, bobbens_dragon_lair_wall,
          infiniplex_staircase_pool
Lair:3:   layout_loops_ring, grunt_megastairs_3, serial_bayou_shore_a,
          uniq_gastronok
Lair:4:   nzn_winding_woodlands_stair_trap [nzn_winding_woodlands_5x15_crooked,
          nzn_winding_woodlands_5x15_pockets,
          nzn_winding_woodlands_5x15_sawtooth,
          nzn_winding_woodlands_15x15_five_gardens,
          nzn_winding_woodlands_5x15_concentric,
          nzn_winding_woodlands_5x15_longhouse,
          nzn_winding_woodlands_5x15_pathside_ponds], layout_regular_city,
          minmay_swamp_entry_swarm, dummy_snake_entry, forest_entry_grove
Orc:1:    layout_diamond_mine, uniq_fannar
Orc:2:    kennysheep_orc_mage_school, layout_caves, uniq_josephine, uniq_maurice

Skill      XL: |  1  2  3  4  5  6  7  8  9 10 11 12 13 14 15 |
---------------+----------------------------------------------+-----
Spellcasting   | 2 3 4 5 6 7 8 9 |  9.6
Unarmed Combat | 4 5 6 8 9 10 11 12 14 16 17 | 17.1
Fighting       | 2 3 4 5 6 8 9 10 12 13 | 13.1
Dodging        | 3 4 5 6 7 9 10 11 13 14 | 14.2
Invocations    | 4 5 |  5.3
Evocations     | 1 |  1.3

Action                   |  1- 3 |  4- 6 |  7- 9 | 10-12 | 13-15 | 16-18 || total
-------------------------+-------+-------+-------+-------+-------+-------++-------
Melee: Unarmed           |    49 |   114 |   160 |   533 |   655 |     6 ||  1517
       Headbutt          |     3 |     4 |       |       |       |       ||     7
       Punch             |     2 |       |       |       |     1 |     1 ||     4
       Mace              |       |       |       |    16 |    17 |     2 ||    35
Throw: Dart              |    22 |    64 |    10 |    38 |    29 |     1 ||   164
       Boomerang         |       |       |     8 |       |       |       ||     8
 Cast: Beastly Appendage |    13 |     3 |       |       |       |       ||    16
       Spider Form       |     1 |    22 |    13 |    18 |    16 |       ||    70
       Wereblood         |     1 |       |     1 |    15 |    27 |       ||    44
       Ice Form          |       |       |     6 |    27 |    42 |     1 ||    76
       Freezing Cloud    |       |       |       |       |    75 |     6 ||    81
 Abil: End Transformatio |       |       |       |     1 |     1 |       ||     2
Evoke: Wand              |     3 |       |     3 |       |     5 |       ||    11
  Use: Scroll            |     3 |       |     6 |    16 |     2 |       ||    27
       Potion            |       |       |       |       |     5 |       ||     5
 Stab: Invisible         |       |       |       |       |     2 |       ||     2
       Sleeping          |       |       |       |       |     1 |     1 ||     2
Armor: Robe              |    23 |    19 |     1 |    11 |     5 |       ||    59
       Skin              |     1 |    17 |    32 |   182 |   134 |     4 ||   370
Dodge: Dodged            |    30 |    69 |   100 |   381 |   455 |     4 ||  1039
Block: Other             |    11 |    24 |    19 |   128 |   105 |     1 ||   288
       Reflection        |     1 |     3 |     1 |     6 |     3 |       ||    14

Table legend: (Time is in decaauts)
 A = Elapsed time spent in this place.
 B = Non-inter-level travel time spent in this place.
 C = Inter-level travel time spent in this place.
 D = Time resting spent in this place.
 E = Time spent auto-exploring this place.
 F = Levels seen in this place.
 G = Mean time per level.
                   A        B        C        D        E       F      G
               +--------+--------+--------+--------+--------+-----+--------+
         Total |  21141 |  19941 |   1200 |    569 |  15213 |  21 | 1006.7 |
       Dungeon |  13928 |  13094 |    834 |    385 |  10263 |  13 | 1071.4 |
        Temple |    477 |    429 |     48 |      0 |    412 |   1 |  477.0 |
          Lair |   4620 |   4449 |    171 |    114 |   3458 |   4 | 1155.0 |
  Orcish Mines |   1743 |   1596 |    147 |     70 |    948 |   2 |  871.5 |
      Gauntlet |    372 |    372 |      0 |      0 |    132 |   1 |  372.0 |
               +--------+--------+--------+--------+--------+-----+--------+

Top non-repeatable levels by time:
     D:5: 1518 daAuts
    D:12: 1441 daAuts
     D:3: 1378 daAuts
     D:2: 1359 daAuts
     D:6: 1352 daAuts
  Lair:4: 1333 daAuts
  Lair:2: 1238 daAuts
     D:9: 1229 daAuts
   Orc:2: 1227 daAuts
  Lair:1: 1202 daAuts
    D:10: 1160 daAuts
     D:4: 1079 daAuts
     D:8: 1065 daAuts
    D:11: 1029 daAuts
     D:1: 898 daAuts
